 Dungeon Crawl Stone Soup version 0.21-a0-352-g5b8f553 (webtiles) character file.

29423 namelastname112 the Covert (level 13, -18/70 HPs)
             Began as a Vine Stalker Assassin on Oct 11, 2017.
             Was an Initiate of Gozag.
             Shot with an arrow by a minotaur (33 damage)
             ... in a labyrinth.
             The game lasted 00:24:43 (12538 turns).

namelastname112 the Covert (Vine Stalker Assassin) Turns: 12538, Time: 00:24:44

Health: -18/70     AC: 16    Str: 21    XL:     13   Next: 45%
Magic:  0/14       EV: 13    Int: 13    God:    Gozag
Gold:   3219       SH:  6    Dex: 19    Spells: 12/12 levels left

rFire    + + .     SeeInvis .   c - +2 dagger (elec)
rCold    . . .     Gourm    .   E - +0 buckler
rNeg     + + .     Faith    .   U - +0 shadow dragon scales
rPois    .         Spirit   +   (no helmet)
rElec    .         Reflect  .   d - +0 cloak
rCorr    .         Harm     +   G - +0 pair of gloves
MR       +....                  (no boots)
Stlth    +++++++...             o - amulet of harm
HPRegen  1.01/turn              S - ring "Oweczaf" {rF++ rN+ Dex+2}
MPRegen  0.14/turn              Q - ring "Maorok" {rN+ Str+6 Int+2 Dex-3}

@: no status effects
A: fangs 3, talons 2, regeneration 2, magic shield, antimagic bite, no potion
heal 3, rot immunity
a: Potion Petition, Call Merchant, Bribe Branch, Renounce Religion


You were in a labyrinth.
You worshipped Gozag.
Gozag was most pleased with you.
You were not hungry.

You visited 3 branches of the dungeon, and saw 16 of its levels.
You also visited: Labyrinth.

You collected 3292 gold pieces.
You paid 73 gold pieces to Gozag.

Inventory:

Hand Weapons
 b - a +0 blowgun
 c - a +2 dagger of electrocution (weapon)
Missiles
 e - 72 poisoned needles
 f - 8 curare-tipped needles
 x - 3 needles of sleeping
Armour
 d - a +0 cloak (worn)
 h - +2 ice dragon scales
 y - a +2 leather armour of poison resistance
 E - a +0 buckler (worn)
 G - a +0 pair of gloves (worn)
 U - +0 shadow dragon scales (worn)
Jewellery
 o - an amulet of harm (around neck)
 F - an uncursed ring of flight
 Q - the ring "Maorok" (right hand) {rN+ Str+6 Int+2 Dex-3}
   (You found it on level 9 of the Dungeon)

   [ring of positive energy]

   It affects your strength (+6).
   It affects your intelligence (+2).
   It affects your dexterity (-3).
   It protects you from negative energy.
 S - the ring "Oweczaf" (left hand) {rF++ rN+ Dex+2}
   (You found it on level 12 of the Dungeon)

   [ring of positive energy]

   It affects your dexterity (+2).
   It greatly protects you from fire.
   It protects you from negative energy.
 T - an uncursed ring of poison resistance
 V - a +6 ring of slaying {unknown}
 X - a +4 ring of strength {unknown}
Wands
 a - a wand of flame (28/48)
 r - a wand of lightning (6/15)
 z - a wand of iceblast (4/15)
 B - a wand of flame (14/48)
 D - a wand of clouds (4/9)
 J - a wand of random effects (40/48)
 K - a wand of confusion (8/48)
 M - a wand of acid (9/15)
 N - a wand of clouds (3/9)
 W - a wand of disintegration (5/24)
Scrolls
 i - 6 scrolls of remove curse
 k - 2 scrolls of blinking
 l - 2 scrolls of fear
 m - 3 scrolls of fog
 q - 4 scrolls of magic mapping
 v - 4 scrolls of teleportation
 C - a scroll of enchant armour
 I - 2 scrolls of enchant weapon
 R - 2 scrolls of identify
Potions
 n - 2 potions of brilliance {unknown}
 s - 3 potions of mutation
 t - 2 potions of lignification
 u - a potion of magic
 w - 4 potions of berserk rage
 A - 4 potions of curing
 H - 2 potions of ambrosia
 L - a potion of agility
 O - a potion of haste {unknown}
 P - a potion of resistance
Comestibles
 g - 9 bread rations
 j - 9 meat rations
 p - 3 royal jellies


   Skills:
 + Level 9.1 Fighting
 + Level 9.2 Short Blades
 + Level 6.1 Throwing
 + Level 8.0 Armour
 + Level 8.1 Dodging
 + Level 13.1 Stealth
 - Level 5.0 Shields


You had 12 spell levels left.
You didn't know any spells.

Dungeon Overview and Level Annotations

Branches:
Dungeon (12/15)            Temple (1/1) D:6            Lair (3/6) D:10
  Swamp (0/4) Lair:3          Orc (0/2) D:10
  Snake: Lair:2-4    Spider: Lair:2-4

Altars:
Ashenzari
Cheibriados
Dithmenos
Elyvilon
Fedhas
Gozag
Hepliaklqana
Kikubaaqudgha
Makhleb
Nemelex Xobeh
Okawaru
Qazlal
Ru
Sif Muna
Trog
Uskayaw
Vehumet
Wu Jian
Xom
Yredelemnul
Zin
The Shining One
Beogh

Annotations:
D:9 SpeedyPerson7's ghost, novice MiBe
Lair:2 exclusion: 4 oklob plants


Innate Abilities, Weirdness & Mutations

You have razor-sharp teeth.
You heal very quickly.
When hurt, damage is shared between your health and your magic reserves.
Your bite disrupts and absorbs the magic of your enemies.
Potions cannot restore your health.
You are immune to rotting.
You have razor-sharp toenails.


Message History

You block the minotaur's attack. x2
MP restored: 14 You hit the minotaur.
You claw the minotaur, but do no damage.
You bite the minotaur. You drain its power.
The minotaur is heavily wounded.
You hit the minotaur but do no damage. You bite the minotaur.
You drain its power.
The minotaur is heavily wounded.
The minotaur hits you with a short sword of electrocution!!
You are electrocuted!
* * * LOW HITPOINT WARNING * * *
The minotaur gores you but does no damage.
You take 35 damage, and have 14/70 hp.
MASSIVE DAMAGE!!
You now have 4/14 mp.
The minotaur unwields an uncursed short sword of electrocution.
It stops crackling.
The minotaur wields an ichor-stained shortbow.
It is covered in frost.
The minotaur shoots an arrow.
The arrow hits you!!
You die...
Your body crumbles into a pile of gold.

. ......#... ####
.#...... #.....
.#####...# ###.#
#.#8<8# #.#
#.....#[.}# #
###.#.#8.8#
#.#.#:.H#
###.#8.8#
#...#.@.# ##
.#.#8.8#
#.....##'##.#
#####.......#
...........#.....
##########.# #.##
.# .. .# ..


You could see a minotaur.

Vanquished Creatures
  2 centaur warriors
  5 two-headed ogres
  Sonja (D:12)
  2 deep elf knights (D:12)
  A deep elf archer (D:12)
  2 ugly things (D:12)
  A deep elf mage (D:12)
  A cyclops (D:12)
  A centaur zombie (D:10)
  A black mamba (Lair:1)
  A gargoyle (D:11)
  A kobold demonologist (D:12)
  2 spiny frogs
  A komodo dragon (Lair:1)
  3 trolls
  A queen bee (D:10)
  Prince Ribbit (D:7)
  3 blink frogs (Lair:1)
  6 hippogriffs
  A shadow (D:12)
  Sigmund (D:2)
  2 wyverns
  2 redbacks (Lab)
  A wraith (D:12)
  5 basilisks
  32 yaks
  Eustachio (D:4)
  Menkaure (D:7)
  2 water moccasins (Lair:1)
  5 porcupines
  Duvessa (D:4)
  4 orc warriors
  A phantom (D:9)
  2 ice beasts
  2 sky beasts
  5 necrophages (D:10)
  A black bear (D:8)
  5 ogres
  8 centaurs
  5 crocodiles
  9 bullfrogs
  2 big kobolds
  Dowan (D:4)
  4 scorpions
  8 wights (D:10)
  15 killer bees (D:10)
  6 howler monkeys
  2 electric eels (Lair:2)
  3 bullfrog zombies
  4 crimson imps
  5 hounds
  6 orc priests
  A bullfrog skeleton (D:5)
  3 centaur skeletons
  20 orc wizards
  An iguana (D:5)
  7 worker ants
  A killer bee zombie (D:10)
  A hound zombie (D:8)
  3 hound skeletons
  2 worker ant zombies
  Robin (D:4)
  4 gnolls (D:11)
  6 adders
  A shadow imp (D:4)
  2 adder skeletons (D:8)
  2 adder zombies
  3 dart slugs
  5 leopard geckos
  48 orcs
  12 bats
  4 giant cockroaches
  12 goblins
  9 hobgoblins
  11 jackals
  5 quokkas
  13 kobolds
  6 rats
  A plant (D:10)
372 creatures vanquished.

Vanquished Creatures (others)
  A skeletal warrior (D:12)
  5 dream sheep (D:3)
  A hippogriff (D:12)
  A wraith (D:12)
  3 plants (Lair:2)
11 creatures vanquished.

Grand Total: 383 creatures vanquished

Notes
Turn   | Place    | Note
-------+----------+-------------------------------------------
     0 | D:1      | namelastname112 the Vine Stalker Assassin began the quest for the Orb.
     0 | D:1      | Reached XP level 1. HP: 11/11 MP: 2/2
   130 | D:1      | Reached skill level 1 in Dodging
   130 | D:1      | Reached XP level 2. HP: 14/15 MP: 1/3
   176 | D:1      | Reached skill level 5 in Stealth
  1004 | D:2      | Reached XP level 3. HP: 18/18 MP: 4/4
  1144 | D:2      | Noticed Sigmund
  1163 | D:2      | Killed Sigmund
  1163 | D:2      | Reached skill level 1 in Armour
  1163 | D:2      | Gained mutation: Your natural rate of healing is unusually fast. [Vine Stalker growth]
  1163 | D:2      | Reached XP level 4. HP: 21/23 MP: 5/5
  1163 | D:2      | Reached XP level 5. HP: 25/27 MP: 6/6
  1651 | D:3      | Reached XP level 6. HP: 22/32 MP: 5/7
  1762 | D:3      | Gained mutation: You have sharp toenails. [potion of mutation]
  1762 | D:3      | Gained mutation: You have razor-sharp toenails. [potion of mutation]
  1864 | D:3      | Reached skill level 6 in Stealth
  2068 | D:3      | Found a glowing golden altar of the Shining One.
  2173 | D:3      | Found a bloodstained altar of Trog.
  2321 | D:3      | Found a shimmering altar of Xom.
  2321 | D:3      | Noticed a dream sheep
  2321 | D:3      | Noticed a dream sheep
  2321 | D:3      | Noticed a dream sheep
  2321 | D:3      | Noticed a dream sheep
  2321 | D:3      | Noticed a dream sheep
  2326 | D:3      | Killed a dream sheep
  2326 | D:3      | Killed a dream sheep
  2326 | D:3      | Killed a dream sheep
  2328 | D:3      | Killed a dream sheep
  2329 | D:3      | Killed a dream sheep
  2598 | D:4      | namelastname112: ??sheep
  2598 | D:4      | beem: dream sheep[1/4]: Magical sheep that will put you to sleep when gathered in large herds. Once were sheep in 0.18 and earlier.
  2598 | D:4      | namelastname112: ??sheep [2
  2598 | D:4      | beem: dream sheep[2/4]: Flammable! Try sticky flame on a pack of them...
  2704 | D:4      | Noticed Eustachio
  2712 | D:4      | Killed Eustachio
  2712 | D:4      | Reached XP level 7. HP: 36/36 MP: 8/8
  2949 | D:4      | Noticed Duvessa
  2955 | D:4      | Noticed Dowan
  2956 | D:4      | Killed Duvessa
  2974 | D:4      | Killed Dowan
  2979 | D:4      | Noticed Robin
  2990 | D:4      | Killed Robin
  3259 | D:5      | Entered Level 5 of the Dungeon
  3370 | D:5      | Reached skill level 7 in Stealth
  3383 | D:5      | Gained mutation: You have razor-sharp teeth. [Vine Stalker growth]
  3383 | D:5      | Reached XP level 8. HP: 41/42 MP: 7/9
  4035 | D:6      | Found a staircase to the Ecumenical Temple.
  4091 | Temple   | Entered the Ecumenical Temple
  4337 | Temple   | Became a worshipper of Gozag Ym Sagoz the Greedy
  4577 | D:6      | Found a glowing silver altar of Zin.
  5015 | D:7      | Noticed Prince Ribbit
  5041 | D:7      | Killed Prince Ribbit
  5041 | D:7      | Reached skill level 8 in Stealth
  5041 | D:7      | Reached skill level 1 in Shields
  5073 | D:7      | Reached XP level 9. HP: 46/46 MP: 10/10
  5162 | D:7      | Reached skill level 5 in Armour
  5162 | D:7      | Reached skill level 5 in Dodging
  5162 | D:7      | Reached skill level 10 in Stealth
  5162 | D:7      | Reached XP level 10. HP: 53/53 MP: 11/11
  5287 | D:7      | Noticed Menkaure
  5294 | D:7      | Killed Menkaure
  5525 | D:7      | You fall through a shaft for 2 floors!
  5530 | D:9      | Reached skill level 5 in Shields
  5660 | D:8      | Noticed a two-headed ogre
  5688 | D:8      | Killed a two-headed ogre
  5796 | D:8      | Found a shadowy altar of Dithmenos.
  5858 | D:8      | Noticed a two-headed ogre
  5881 | D:8      | Killed a two-headed ogre
  5980 | D:8      | Found a stormy altar of Qazlal.
  6228 | D:8      | Found an ornate altar of the Wu Jian Council.
  6844 | D:9      | Noticed a two-headed ogre
  6857 | D:9      | Killed a two-headed ogre
  6857 | D:9      | Reached skill level 11 in Stealth
  6857 | D:9      | Reached XP level 11. HP: 9/58 MP: 0/12
  7061 | D:9      | Noticed SpeedyPerson7's ghost (novice MiBe)
  7104 | D:9      | Found a sparkling altar of Nemelex Xobeh.
  7108 | D:9      | Got a flickering steel ring
  7171 | D:9      | Identified the ring "Maorok" {rN+ Str+6 Int+2 Dex-3} (You found it on level 9 of the Dungeon)
  7377 | D:9      | Noticed a two-headed ogre
  7441 | D:9      | Killed a two-headed ogre
  7693 | D:10     | Entered Level 10 of the Dungeon
  8060 | D:10     | Found a staircase to the Lair.
  8249 | D:10     | Found a staircase to the Orcish Mines.
  8264 | D:10     | Found a roughly hewn altar of Beogh.
  8748 | D:11     | Noticed a centaur warrior
  8774 | D:11     | Killed a centaur warrior
  8824 | D:11     | Gained mutation: You heal very quickly. [Vine Stalker growth]
  8824 | D:11     | Reached XP level 12. HP: 41/64 MP: 13/13
  9012 | D:11     | Reached skill level 12 in Stealth
  9062 | D:11     | Noticed a two-headed ogre
  9077 | D:11     | Killed a two-headed ogre
  9759 | D:12     | Noticed Sonja
  9766 | D:12     | Killed Sonja
  9817 | D:12     | Found a transporter.
  9850 | D:12     | Found a transporter.
  9874 | D:12     | Noticed a centaur warrior
  9908 | D:12     | Reached skill level 5 in Throwing
  9928 | D:12     | Killed a centaur warrior
 10008 | D:12     | Got a fine bronze ring
 10168 | D:12     | Noticed a deep elf knight
 10169 | D:12     | Killed a deep elf knight
 10170 | D:12     | Noticed a deep elf knight
 10173 | D:12     | Found a shattered altar of Ashenzari.
 10174 | D:12     | Killed a deep elf knight
 10380 | D:11     | Identified the ring "Oweczaf" {rF++ rN+ Dex+2} (You found it on level 12 of the Dungeon)
 10594 | Lair:1   | Entered Level 1 of the Lair of Beasts
 10659 | Lair:1   | Reached XP level 13. HP: 69/69 MP: 14/14
 11302 | Lair:2   | Reached skill level 13 in Stealth
 12167 | Lair:3   | Found a staircase to the Swamp.
 12171 | Lair:3   | Found a labyrinth entrance.
 12189 | Lab      | Entered a labyrinth
 12527 | Lab      | Noticed a minotaur
 12538 | Lab      | Shot with an arrow by a minotaur

Vault maps used:
D:1:      lemuel_arrival_cross, minmay_ruptured
D:2:      first_bread, uniq_sigmund
D:3:      lightli_temple_of_fire, lemuel_doored_altar, kb_xom_exploding_sheep,
          kennysheep_generic_room_11
D:4:      serial_bayou_crossing, uniq_robin, uniq_duvessa, uniq_eustachio
D:6:      zin_scriptorium, temple_hall
D:7:      uniq_prince_ribbit1, uniq_menkaure
D:8:      lemuel_crystal_altar, overflow_temple_1_default,
          overflow_temple_1_default
D:9:      nemelex_xobeh_ov_fountains_minmay
D:10:     dpeg_oklobed_lair, minmay_orc_entry_temple_small, serial_undead,
          serial_undead_e, serial_undead_f, serial_undead_a, serial_undead_f,
          serial_undead_b, serial_undead_f, serial_undead_b, serial_undead_c,
          serial_undead_b, serial_undead_e, david_nohive_1
D:12:     gammafunk_the_bubble, nicolae_ashenzari_panopticon, uniq_sonja
Temple:   minmay_temple_curvy_branch
Lair:2:   disabler_island, minmay_lair_oklob_chamber
Lair:3:   minmay_swamp_entry_reptiles, lab_entry_generic, zaba_anthole
Lab:      nicolae_lab_dead_adventurers, nicolae_lab_very_dead_end,
          nicolae_lab_checkerboard, nicolae_lab_lava

Skill      XL: |  1  2  3  4  5  6  7  8  9 10 11 12 13 |
---------------+----------------------------------------+-----
Dodging        | 1 2 3 5 6 7 8 |  8.1
Stealth        | 5 6 7 8 10 11 12 13 | 13.1
Short Blades   | 2 3 4 6 7 8 9 |  9.2
Fighting       | 2 3 4 6 7 8 9 |  9.1
Armour         | 1 2 3 5 6 7 8 |  8.0
Shields        | 1 4 5 |  5.0
Throwing       | 2 4 5 6 |  6.1

Action                   |  1- 3 |  4- 6 |  7- 9 | 10-12 | 13-15 || total
-------------------------+-------+-------+-------+-------+-------++-------
Melee: Dagger            |    62 |   105 |   127 |   682 |   218 ||  1194
       Bite              |    16 |    29 |    39 |   286 |   105 ||   475
       Kick              |       |    10 |    46 |   250 |   116 ||   422
 Fire: Blowgun           |     5 |     6 |       |     6 |       ||    17
Evoke: Wand              |       |       |       |     6 |       ||     6
  Use: Scroll            |       |     1 |     6 |    18 |     3 ||    28
       Potion            |       |     1 |     1 |     1 |       ||     3
 Stab: Sleeping          |     6 |    10 |    14 |    26 |     7 ||    63
       Distracted        |       |     1 |       |    13 |     1 ||    15
       Invisible         |       |       |       |     3 |       ||     3
  Eat: Chunk             |     1 |     4 |     5 |       |       ||    10
       Meat ration       |       |       |     1 |       |       ||     1
       Royal jelly       |       |       |       |     8 |     3 ||    11
       Fruit             |       |       |       |     1 |       ||     1
Armor: Robe              |    18 |    18 |       |       |       ||    36
       Leather armour    |       |       |    16 |    82 |       ||    98
       Ice dragon scales |       |       |       |     2 |    49 ||    51
       Shadow dragon sca |       |       |       |       |     2 ||     2
Dodge: Dodged            |    37 |    75 |    57 |   331 |    82 ||   582
Block: Buckler           |       |       |     3 |   123 |    30 ||   156

Table legend:
 A = Spawn XP
 B = Non-spawn XP
 C = Spawn XP percentage of total XP
 D = Spawn monster count
 E = Non-spawn monster count
 F = Spawn count percentage of total count
 G = Total turns spent on level
                    A         B        C        D         E        F      G
               +---------+---------+-------+---------+---------+-------+---------
         Total |       0 |   39641 |   0.0 |       0 |     374 |   0.0 | 12538
               +---------+---------+-------+---------+---------+-------+---------
           D:1 |       0 |      21 |   0.0 |       0 |      12 |   0.0 |   581
           D:2 |       0 |     254 |   0.0 |       0 |      16 |   0.0 |  1069
           D:3 |       0 |     186 |   0.0 |       0 |      33 |   0.0 |   943
           D:4 |       0 |     647 |   0.0 |       0 |      21 |   0.0 |   666
           D:5 |       0 |     464 |   0.0 |       0 |      19 |   0.0 |   721
           D:6 |       0 |     485 |   0.0 |       0 |      11 |   0.0 |   696
           D:7 |       0 |    1052 |   0.0 |       0 |      10 |   0.0 |   828
           D:8 |       0 |    2620 |   0.0 |       0 |      27 |   0.0 |  1004
           D:9 |       0 |    3992 |   0.0 |       0 |      26 |   0.0 |   916
          D:10 |       0 |    4580 |   0.0 |       0 |      62 |   0.0 |  1052
          D:11 |       0 |    5263 |   0.0 |       0 |      47 |   0.0 |  1061
          D:12 |       0 |    9563 |   0.0 |       0 |      35 |   0.0 |   788
        Lair:1 |       0 |    4916 |   0.0 |       0 |      24 |   0.0 |   619
        Lair:2 |       0 |    4432 |   0.0 |       0 |      25 |   0.0 |   930
           Lab |       0 |    1166 |   0.0 |       0 |       6 |   0.0 |   349
               +---------+---------+-------+---------+---------+-------+---------
